 Dungeon Crawl Stone Soup version bcrawl-1.19-7-g22fd707d3b (webtiles) character file.

Game seed: 420469045932295738

2541 MisterOstroum the Destroyer (level 9, -9/45 HPs)
             Began as an Avariel Fire Elementalist on Nov 19, 2019.
             Was a Priest of Sif Muna.
             Mangled by a harpy skeleton (11 damage)
             ... on level 7 of the Dungeon.
             The game lasted 00:13:03 (6164 turns).

MisterOstroum the Destroyer (AvFE)                  Turns: 6164, Time: 00:13:03

Health: -9/45      AC:  6    Str:  9    XL:     9   Next: 55%
Magic:  8/22       EV: 27    Int: 25    God:    Sif Muna [***...]
Gold:   307        SH:  0    Dex: 13    Spells: 9/22 levels left

rFire    . . .     SeeInvis .   a - +1 dagger (freeze)
rCold    . . .     Gourm    .   (no shield)
rNeg     . . .     Faith    .   B - +1 robe
rPois    .         Spirit   .   (no helmet)
rElec    .         Reflect  .   (no cloak)
rCorr    .         Harm     .   (no gloves)
MR       .....                  p - +2 pair of boots
Stlth    +.........             t - amulet of the acrobat
HPRegen  0.15/turn              r - ring of attention (curse)
MPRegen  0.18/turn              x - +3 ring of strength

@: divine energy
A: able to fly
a: Fly, Stop Divine Energy, Channel Magic, Renounce Religion


You were on level 7 of the Dungeon.
You worshipped Sif Muna.
Sif Muna was most pleased with you.
You were very hungry.

You visited 1 branch of the dungeon, and saw 7 of its levels.

You collected 307 gold pieces.

Inventory:

Hand Weapons
 a - a +1 dagger of freezing (weapon)
Missiles
 c - 1393 stones (quivered)
 f - 363 arrows
 C - a throwing net {!f!f}
Armour
 p - a +2 pair of boots (worn)
 B - a +1 robe (worn)
Jewellery
 r - a cursed ring of attention (left hand)
 t - an amulet of the acrobat (around neck)
 x - a +3 ring of strength (right hand)
 D - the ring of the Monkey {rF+ Stlth-}
   (You found it on level 5 of the Dungeon)

   [ring of attention]

   It protects you from fire.
   It makes you less stealthy.
 F - a +4 amulet of reflection
Wands
 u - a wand of acid (5)
 y - a wand of iceblast (5)
Scrolls
 b - 8 scrolls of identify {@r1}
 g - 2 scrolls of enchant weapon
 h - a scroll of blinking {unknown}
 i - 2 scrolls of fear
 q - 2 scrolls of amnesia {unknown}
 s - a scroll of remove curse {unknown}
 v - 2 scrolls of teleportation {@r3 !r}
 w - a scroll of immolation {unknown}
 z - 2 scrolls of fog {unknown}
 A - 2 scrolls of enchant armour
 E - a scroll of magic mapping {@r5 !r}
Potions
 d - 2 potions of curing {unknown}
 k - a potion of flight
 l - a potion of cancellation {unknown}
 m - a potion of degeneration {unknown}
 n - a potion of magic {unknown}
 o - 2 potions of agility {unknown}
Comestibles
 e - 11 rations {!d}


   Skills:
 + Level 2.2 Dodging
 - Level 2.1 Stealth
 + Level 7.4 Spellcasting
 - Level 11.0 Conjurations
 + Level 8.7 Fire Magic


You had 9 spell levels left.
You knew the following spells:

 Your Spells              Type           Power        Failure   Level  Hunger
a - Flame Tongue          Conj/Fire      #####        1%          1    None
b - Sticky Flame          Conj/Fire      ######..     1%          4    ###....
c - Fireball              Conj/Fire      ######....   3%          5    #####..
d - Conjure Flame         Conj/Fire      ######..     1%          3    None

Your spell library contained the following spells:

 Spells                   Type           Power        Failure   Level  Hunger
 Flaming Arrows           Chrm/Fire      ####....     1%          2    None
 Dazzling Spray           Conj/Hex       #####.       1%          3    None
 Inner Flame              Hex/Fire       N/A          3%          3    None
 Bolt of Magma            Conj/Fire/Erth #####.....   12%         5    #####..
 Bolt of Fire             Conj/Fire      ######....   17%         6    ######.
 Confuse                  Hex            #.......     19%         3    None
 Recall                   Summ/Tloc      N/A          19%         3    None
 Static Discharge         Air            #.......     19%         3    None
 Petrify                  Tmut/Erth      #.......     54%         4    ###....
 Yara's Violent Unravell  Hex/Tmut       #.........   54%         4    ###....
 Conjure Ball Lightning   Conj/Air       #####.....   71%         6    ######.
 Aura of Abjuration       Summ           #.........   87%         5    #####..
 Metabolic Englaciation   Hex/Ice        #.........   87%         5    #####..
 Silence                  Hex/Air        #.........   87%         5    #####..
 Summon Demon             Summ           #.........   87%         5    #####..
 Summon Forest            Summ/Tloc      #.........   87%         5    #####..
 Summon Mana Viper        Hex/Summ       #.......     87%         5    #####..
 Mana Rupture             Conj/Hex       #####.....   99%         7    #######
 Freezing Cloud           Ice/Air        #.........   100%        6    ######.
 Shadow Creatures         Summ           N/A          100%        6    ######.
 Chain Lightning          Conj/Air       #####.....   100%        8    #######


Dungeon Overview and Level Annotations

Branches:
Dungeon (7/12)             Temple (0/1) D:4
   Lair: D:7-9

Altars:
Ashenzari
Elyvilon
Fedhas
Kikubaaqudgha
Lugonu
Nemelex Xobeh
Okawaru
Qazlal
Sif Muna
Trog
Uskayaw
Yredelemnul
Zin

Shops:
D:5 :   D:7 %


Innate Abilities, Weirdness & Mutations

You can fly continuously.


Message History

A sky beast is nearby!
A sky beast is nearby!
Casting: Fireball (safe; 3% risk of failure)
Confirm with . or Enter, or press ? or * to list all spells.
Aiming: Fireball (safe; 3% risk of failure)
Press: ? - help, Shift-Dir - straight line, f - sky beast
Aim: a sky beast The fireball explodes!
The fireball engulfs the sky beast.
The sky beast is severely wounded.
Casting: Fireball (safe; 3% risk of failure)
Confirm with . or Enter, or press ? or * to list all spells.
Aiming: Fireball (safe; 3% risk of failure)
Press: ? - help, Shift-Dir - straight line, f/p - sky beast
Aim: a sky beast (severely wounded)
The fireball explodes!
The fireball engulfs the sky beast.
You kill the sky beast!
Sif Muna accepts your kill.
You are feeling hungry.
Eating a chunk of flesh.
You eat the chunk of flesh.
This raw flesh tastes terrible.
You see here a sky beast corpse.
Found a stone staircase leading up.
You see here a sky beast corpse.
You see here 124 bolts.
You see here a hound skeleton.
There is a stone staircase leading down here.
z - 2 scrolls labeled RIOLOG HOKH (gained 1) Done exploring.
Done exploring.
Done exploring.
Done exploring.
(D) Dungeon (T) Temple
Where to? (Enter - D:5 @ (x,y), ? - help)
There is a stone staircase leading down here.
You climb downwards.
There is a stone staircase leading up here.
Found Riffomay's Food Shop.
Found a stone staircase leading down.
You now have enough gold to buy a book of Maledictions on D:5.
You can access your shopping list by pressing '$'.
You now have 307 gold pieces (gained 14).
You enter the shallow water.
Moving in this stuff is going to be slow.
There is an entrance to Riffomay's Food Shop here.
Unknown command.
You enter the shallow water.
Moving in this stuff is going to be slow.
e - 11 rations {!d} (gained 1)
You are feeling hungry.
A hound and a skeleton come into view.
There are monsters nearby!
There are monsters nearby!
Casting: Fireball (safe; 3% risk of failure)
Confirm with . or Enter, or press ? or * to list all spells.
Aiming: Fireball (safe; 3% risk of failure)
Press: ? - help, Shift-Dir - straight line, f - hound
Aim: a hound The fireball explodes!
The fireball engulfs the hound.
You kill the hound!
Sif Muna accepts your kill.
You hear a loud, deep croak!
Casting: Fireball (safe; 3% risk of failure)
Confirm with . or Enter, or press ? or * to list all spells.
Aiming: Flame Tongue (safe; 1% risk of failure)
Press: ? - help, Shift-Dir - straight line, f - harpy skeleton
Aim: a harpy skeleton The flame tongue hits the harpy skeleton.
The harpy skeleton is lightly damaged.
The harpy skeleton claws you. The harpy skeleton claws you!
Casting: Flame Tongue (safe; 1% risk of failure)
Confirm with . or Enter, or press ? or * to list all spells.
Aiming: Sticky Flame (safe; 1% risk of failure)
Press: ? - help, Shift-Dir - straight line, f/p - harpy skeleton
Aim: a harpy skeleton (lightly damaged)
The sticky flame hits the harpy skeleton.
The harpy skeleton is moderately damaged.
The harpy skeleton is covered in liquid flames!
The harpy skeleton burns!
The harpy skeleton claws you!
The harpy skeleton barely misses you. x3; The harpy skeleton claws you. x2
Casting: Sticky Flame (safe; 1% risk of failure)
Confirm with . or Enter, or press ? or * to list all spells.
Aiming: Fireball (safe; 3% risk of failure)
Press: ? - help, Shift-Dir - straight line, p - harpy skeleton The fireball explodes!
The fireball engulfs the harpy skeleton.
The harpy skeleton is severely damaged.
You are feeling very hungry.
The harpy skeleton burns!
The harpy skeleton claws you. x2
* * * LOW HITPOINT WARNING * * *
The harpy skeleton closely misses you. The harpy skeleton claws you.
* * * LOW HITPOINT WARNING * * *
A porcupine comes into view.
The harpy skeleton burns!
The harpy skeleton completely misses you.
The harpy skeleton misses you.
A bullfrog comes into view.
The harpy skeleton burns!
The harpy skeleton claws you!
* * * LOW HITPOINT WARNING * * *
The harpy skeleton misses you. The harpy skeleton claws you!
You die...

#.# # # #.# +
###.########.#F. ##
.......@....r... PP
###.##.#Z###.## ..
......$....#.# P ..
###......#.#.####.P.P
PP
.....†............#
.P
####.###.###.####.# .
..............#
.######..##.##.# .
......#.##.#


You could see a bullfrog, a porcupine and a harpy skeleton (burning).

Vanquished Creatures
  A centaur zombie (D:6)
  A gargoyle (D:5)
  Grinder (D:5)
  3 orc warriors (D:6)
  2 sky beasts
  A phantom (D:3)
  An ice beast (D:5)
  2 ogres
  A necrophage (D:5)
  A wyvern skeleton (D:5)
  2 scorpions (D:4)
  A crimson imp (D:4)
  A bullfrog zombie (D:6)
  2 hounds
  5 orc priests
  2 jellies (D:5)
  4 orc wizards
  2 worker ants (D:4)
  A hound skeleton (D:5)
  A worker ant zombie (D:5)
  3 gnolls (D:4)
  8 adders
  2 oozes
  2 worms (D:1)
  3 dart slugs (D:3)
  5 leopard geckos
  13 orcs
  A ball python (D:3)
  9 bats
  2 giant cockroaches (D:2)
  3 goblins
  5 hobgoblins
  6 jackals (D:1)
  3 quokkas
  3 frilled lizards
  5 kobolds
  8 rats
116 creatures vanquished.

Notes
Turn   | Place    | Note
-------+----------+-------------------------------------------
     0 | D:1      | MisterOstroum the Avariel Fire Elementalist began the quest
                  | for the Orb.
     0 | D:1      | Reached XP level 1. HP: 10/10 MP: 6/6
    29 | D:1      | Reached skill level 2 in Conjurations
   209 | D:1      | Reached XP level 2. HP: 15/15 MP: 4/7
   345 | D:1      | Reached skill level 3 in Conjurations
   610 | D:1      | Reached XP level 3. HP: 19/19 MP: 6/9
   614 | D:1      | Reached skill level 4 in Conjurations
   726 | D:1      | Learned a level 3 spell: Conjure Flame
  1178 | D:2      | Found an iron altar of Okawaru.
  1178 | D:2      | Found a blossoming altar of Fedhas.
  1178 | D:2      | Found a sparkling altar of Nemelex Xobeh.
  1213 | D:2      | Found a shimmering blue altar of Sif Muna.
  1224 | D:2      | Found a glowing silver altar of Zin.
  1225 | D:2      | Found a bloodstained altar of Trog.
  1226 | D:2      | Found an ancient bone altar of Kikubaaqudgha.
  1231 | D:2      | Became a worshipper of Sif Muna the Loreminder
  1533 | D:2      | Reached skill level 5 in Conjurations
  1533 | D:2      | Reached XP level 4. HP: 24/24 MP: 8/10
  1644 | D:2      | Found a basalt altar of Yredelemnul.
  1874 | D:3      | Noticed a phantom
  2132 | D:3      | Reached * piety under Sif Muna
  2132 | D:3      | Reached XP level 5. HP: 28/28 MP: 4/11
  2241 | D:3      | Learned a level 5 spell: Fireball
  2401 | D:3      | Identified Rymaol's Almanac of Feathers (Sif Muna gifted it
                  | to you on level 3 of the Dungeon)
  2401 | D:3      | Received a gift from Sif Muna
  2444 | D:3      | Found a stormy altar of Qazlal.
  2511 | D:3      | Killed a phantom
  2511 | D:3      | Reached skill level 6 in Conjurations
  2511 | D:3      | Reached XP level 6. HP: 32/32 MP: 5/13
  3143 | D:4      | Reached skill level 5 in Fire Magic
  3253 | D:4      | Reached skill level 7 in Conjurations
  3274 | D:4      | Found a corrupted altar of Lugonu.
  3293 | D:4      | Found a staircase to the Ecumenical Temple.
  3394 | D:4      | Reached XP level 7. HP: 36/36 MP: 9/15
  3484 | D:4      | Reached ** piety under Sif Muna
  3568 | D:4      | Reached skill level 8 in Conjurations
  3800 | D:5      | Entered Level 5 of the Dungeon
  3825 | D:5      | Reached skill level 5 in Spellcasting
  3997 | D:5      | Found a shattered altar of Ashenzari.
  4017 | D:5      | Got a bound platinum ring
  4056 | D:5      | Noticed Grinder
  4061 | D:5      | Reached XP level 8. HP: 41/41 MP: 14/17
  4066 | D:5      | Killed Grinder
  4170 | D:5      | Found Qeulahu's Book Shoppe.
  4199 | D:5      | Noticed a gargoyle
  4218 | D:5      | Reached skill level 9 in Conjurations
  4267 | D:4      | Learned a level 4 spell: Sticky Flame
  4572 | D:5      | Found a hide-covered altar of Uskayaw.
  4701 | D:5      | Identified Sif Muna's Incunabulum of Flames (Sif Muna
                  | gifted it to you on level 5 of the Dungeon)
  4701 | D:5      | Received a gift from Sif Muna
  4879 | D:5      | Killed a gargoyle
  4879 | D:5      | Reached skill level 10 in Conjurations
  4988 | D:6      | Gained mutation: You can fly continuously. [Avariel growth]
  4988 | D:6      | Reached XP level 9. HP: 45/45 MP: 7/20
  5002 | D:6      | Reached *** piety under Sif Muna
  5044 | D:6      | Identified the ring of the Monkey {rF+ Stlth-} (You found
                  | it on level 5 of the Dungeon)
  5127 | D:6      | Found a white marble altar of Elyvilon.
  5276 | D:6      | Reached skill level 11 in Conjurations
  6050 | D:7      | Found Riffomay's Food Shop.
  6164 | D:7      | HP: 2/45 [harpy skeleton (9)]
  6164 | D:7      | Mangled by a harpy skeleton

Skill      XL: |  1  2  3  4  5  6  7  8  9 |
---------------+----------------------------+-----
Conjurations   | 2 3 5 6 7 8 10 11 | 11.0
Spellcasting   | 3 4 5 6 7 |  7.4
Fire Magic     | 4 5 6 7 8 |  8.7
Dodging        | |  2.2
Stealth        | |  2.1

Action                   |  1- 3 |  4- 6 |  7- 9 || total
-------------------------+-------+-------+-------++-------
Melee: Unarmed           |     2 |       |       ||     2
       Dagger            |       |     2 |    21 ||    23
Throw: Stone             |       |    10 |       ||    10
 Cast: Flame Tongue      |    68 |    84 |    59 ||   211
       Conjure Flame     |       |     1 |       ||     1
       Fireball          |       |     1 |    31 ||    32
       Sticky Flame      |       |       |     5 ||     5
Invok: Divine Energy     |     1 |       |       ||     1
Evoke: Wand              |       |       |     2 ||     2
  Use: Scroll            |       |     3 |     3 ||     6
       Potion            |       |       |     1 ||     1
  Eat: Chunk             |     2 |     6 |     9 ||    17
       Ration            |       |       |     2 ||     2
Armor: Robe              |    11 |     1 |    12 ||    24
Dodge: Dodged            |    20 |    14 |    35 ||    69
